 Dungeon Crawl Stone Soup version 0.27-a0-1595-g0b823d0a13 (webtiles) character file.

Game seed: 14120224972136471520

11786 zazu2006 the Covert (level 11, -10/97 HPs)
             Began as a Naga Hedge Wizard on July 21, 2021.
             Was a Believer of Vehumet.
             Asphyxiated
             ... on level 11 of the Dungeon.
             The game lasted 00:31:59 (15578 turns).

zazu2006 the Covert (Naga Hedge Wizard)            Turns: 15578, Time: 00:31:59

Health: -10/97     AC: 15    Str: 12    XL:     11   Next: 83%
Magic:  22/22      EV: 13    Int: 17    God:    Vehumet [**....]
Gold:   661        SH:  0    Dex: 12    Spells: 15/24 levels left

rFire    . . .     SeeInvis +   O - +4 scimitar (flame)
rCold    . . .     Faith    .   (no shield)
rNeg     + . .     Spirit   .   J - +4 ring mail {rN+}
rPois    +         Reflect  .   c - +0 hat
rElec    .         Harm     .   q - +0 cloak
rCorr    .         Rampage  .   Q - +2 pair of gloves
Will     +....                  (no barding)
Stlth    ++++......             (no amulet)
HPRegen  0.26/turn              j - ring of wizardry
MPRegen  0.18/turn              s - +4 ring of evasion

@: lethally poisoned (-10 -> -23), slowed, very slow
A: AC +3, large, see invisible, deformed body, poison resistance, slowness 2,
spit poison 1, naga tail 1
a: Spit Poison, Renounce Religion


You were on level 11 of the Dungeon.
You worshipped Vehumet.
Vehumet was pleased with you.
You visited 2 branches of the dungeon, and saw 12 of its levels.
You also visited: Sewer.

You collected 661 gold pieces.

Inventory:

Hand Weapons
 k - the +4 spear of Agiroc {freeze, Int+5}
   (You found it on level 4 of the Dungeon)

   It freezes those it strikes, dealing additional cold damage.
   It can also slow down cold-blooded creatures.
   Int:       It affects your intelligence (+5).
 y - the +6 rapier of the Imperium {vorpal, Fly Will++ Str+2}
   (You found it on level 5 of the Dungeon)

   It inflicts extra damage upon your enemies.
   Str:       It affects your strength (+2).
   Fly:       It grants you flight.
   Will:      It greatly increases your willpower.
 F - the +9 whip of Oluos {vorpal, rN+}
   (You found it on level 5 of the Dungeon)

   It inflicts extra damage upon your enemies.
   rN:        It protects you from negative energy.
 K - a +6 long sword of freezing
 O - a +4 scimitar of flaming (weapon)
Missiles
 x - 29 poisoned darts
 E - 2 curare-tipped darts
Armour
 c - a +0 hat (worn)
 q - a +0 cloak (worn)
 H - +0 swamp dragon scales
 J - a +4 ring mail of positive energy (worn)
 Q - a +2 pair of gloves (worn)
Jewellery
 h - a ring of willpower
 j - a ring of wizardry (left hand)
 r - a ring of wizardry
 s - a +4 ring of evasion (right hand)
 t - a ring of willpower
 w - a ring of fire
 B - a ring of ice
Wands
 b - a wand of flame (15)
 M - a wand of iceblast (7)
Scrolls
 a - 3 scrolls of magic mapping {unknown}
 e - a scroll of fear {unknown}
 i - 2 scrolls of teleportation
 l - 2 scrolls of amnesia {unknown}
 m - a scroll of summoning {unknown}
 n - 3 scrolls of enchant armour {unknown}
 p - a scroll of enchant weapon {unknown}
 u - 2 scrolls of vulnerability {unknown}
 v - 4 scrolls of fog {unknown}
 C - a scroll of immolation {unknown}
 D - 6 scrolls of identify
 P - a scroll of noise {unknown}
Potions
 d - 2 potions of mutation {unknown}
 f - 4 potions of curing
 g - 3 potions of lignification {unknown}
 o - a potion of heal wounds {unknown}
 z - a potion of brilliance {unknown}
 A - a potion of haste {unknown}
 G - a potion of flight {unknown}
 I - a potion of resistance {unknown}
 L - a potion of might {unknown}
 N - a potion of degeneration {unknown}


   Skills:
 + Level 6.0 Fighting
 + Level 7.3(7.9) Short Blades
 + Level 4.6(6.6) Long Blades
 - Level 4.1 Polearms
 + Level 0.2 Throwing
 + Level 4.4 Armour
 + Level 5.0 Dodging
 + Level 10.0 Stealth
 + Level 7.4 Spellcasting
 + Level 5.8 Conjurations
 + Level 1.0 Summonings
 + Level 2.1 Translocations
 + Level 2.5 Air Magic
 + Level 3.2 Poison Magic


You had 15 spell levels left.
You knew the following spells:

 Your Spells              Type           Power      Damage    Failure   Level
a - Magic Dart            Conj           100%       1d8       1%          1
b - Mephitic Cloud        Conj/Pois/Air  19%        N/A       6%          3
c - Conjure Flame         Conj/Fire      16%        6-21      9%          3
d - Blink                 Tloc           N/A        N/A       6%          2

Your spell library contained the following spells:

 Spells                   Type           Power      Damage    Failure   Level
 Searing Ray              Conj           52%        3d5       1%          2
 Foxfire                  Conj/Fire      64%        2x1d7     2%          1
 Animate Skeleton         Necr           12%        N/A       10%         1
 Freeze                   Ice            24%        1d5       10%         1
 Pain                     Necr           24%        1d5       10%         1
 Call Imp                 Summ           9%         N/A       10%         2
 Lesser Beckoning         Tloc           6%         N/A       12%         3
 Slow                     Hex            6%         N/A       14%         2
 Frozen Ramparts          Ice            12%        1d3       26%         3
 Inner Flame              Hex/Fire       6%         N/A       26%         3
 Vampiric Draining        Necr           3%         2d6       26%         3
 Hailstorm                Conj/Ice       16%        3d6       26%         4
 Manifold Assault         Tloc           13%        N/A       69%         5


Dungeon Overview and Level Annotations

Branches:
Dungeon (11/15)            Temple (1/1) D:7            Lair (0/6) D:10
    Orc (0/2) D:9           Sewer (visited)

Altars:
Ashenzari
Cheibriados
Dithmenos
Elyvilon
Fedhas
Gozag
Hepliaklqana
Kikubaaqudgha
Makhleb
Nemelex Xobeh
Okawaru
Qazlal
Ru
Sif Muna
Trog
Uskayaw
Vehumet
Wu Jian
Xom
Yredelemnul
Zin
The Shining One

Shops:
D:1 [   D:11 (

Annotations:
D:9 2 transporters


Innate Abilities, Weirdness & Mutations

Your serpentine skin is tough. (AC +3)
You have supernaturally acute eyesight. (SInv)
Armour fits poorly on your strangely shaped body.
Your system is resistant to poisons. (rPois)
You cover ground very slowly.
You can spit poison.
You have a snake-like lower body.


Message History

The two-headed ogre hits the four-headed hydra with a +0 giant club!
The two-headed ogre hits the four-headed hydra with a +0 giant spiked club!!
The four-headed hydra is killed!
Vehumet accepts your kill.
You feel your power returning.
The kobold brigand is engulfed in noxious fumes.
The kobold brigand appears confused.
Your Fighting skill increases to level 6!
Unknown command.
The kobold brigand is engulfed in noxious fumes.
The kobold brigand hits the kobold skeleton with a +0 short sword.
The kobold brigand hits you with a +0 short sword.
* * * LOW HITPOINT WARNING * * *
The kobold barely misses you.
The kobold brigand cries.
The kobold brigand hits the kobold with a +0 short sword.
The kobold is killed!
Vehumet accepts your kill.
The kobold brigand hits you but does no damage.
The kobold brigand says, "I'm a little confused."
The kobold barely misses you. The kobold brigand barely misses you.
You riposte.
You closely miss the kobold brigand.
The kobold brigand throws a curare-tipped dart.
The curare-tipped dart hits you.
You have difficulty breathing.
* * * LOW HITPOINT WARNING * * *
You feel yourself slow down.
A kobold comes into view. It is wielding a +0 short sword.
The kobold brigand hits something with a +0 short sword.
There is a stone staircase leading up, spattered with blood here.
The kobold brigand hits you with a +0 short sword!
* * * LOW HITPOINT WARNING * * *
The kobold misses you.
You riposte.
You hit the kobold. You burn the kobold.
You kill the kobold!
Vehumet accepts your kill.
The kobold brigand throws a curare-tipped dart.
The curare-tipped dart hits you.
You are lethally poisoned!
You have difficulty breathing.
You die...

.K.....#
......#
.....# ....#
.K..###
#....# #....#
#.@..#
#.)K.###
###....###
....##O.)..#
.....#...รท.#
.....#8..).#
.....'.K.###
K....'...#
.....'...####


You could see a two-headed ogre, 3 kobold brigands and a kobold.

Vanquished Creatures
  A hydra (D:11)
  Erica (D:10)
  Joseph (D:7)
  A gargoyle (D:7)
  Maggie (D:6)
  A kobold demonologist (D:11)
  A troll (D:8)
  Sigmund (D:6)
  A meliai zombie (D:11)
  A wyvern (D:9)
  21 yaks
  A shadow (D:10)
  A vampire (D:11)
  4 vampire mosquitoes (D:10)
  Menkaure (D:4)
  2 steam dragons
  A water moccasin (D:9)
  An acid dragon (D:10)
  Purgy (Sewer)
  5 orc warriors
  A hornet zombie (D:6)
  A sky beast (D:5)
  A black bear (D:8)
  4 ice beasts
  A necrophage (D:4)
  2 ogres (D:5)
  5 centaurs
  3 phantoms
  10 kobold brigands
  2 bullfrogs
  3 scorpions
  A wyvern zombie (D:6)
  A water moccasin zombie (D:5)
  9 wights
  A howler monkey (D:9)
  An electric eel (D:6)
  A bullfrog zombie (D:6)
  3 jellies
  2 centaur zombies
  4 hounds
  A centaur skeleton (D:6)
  5 orc priests
  A bullfrog skeleton (D:5)
  A gnoll shaman (D:6)
  5 orc wizards
  An iguana (D:5)
  2 howler monkey zombies
  5 adders
  8 gnolls
  A shadow imp (D:11)
  2 white imps
  2 ufetubi
  2 adder skeletons
  2 worms
  2 dart slugs
  30 orcs
  3 endoplasms
  5 giant cockroaches
  6 goblins
  5 hobgoblins
  5 jackals
  36 kobolds
  4 quokkas
  2 ball pythons (D:1)
  11 bats
  4 frilled lizards
  3 kobold skeletons (D:11)
  A kobold zombie (D:11)
  6 rats
265 creatures vanquished.

Vanquished Creatures (others)
  A yak (D:7)
  A gnoll (D:6)
  2 kobolds (D:6)
4 creatures vanquished.

Grand Total: 269 creatures vanquished

Notes
Turn   | Place    | Note
-------+----------+-------------------------------------------
     0 | D:1      | zazu2006 the Naga Hedge Wizard began the quest for the Orb.
     0 | D:1      | Reached XP level 1. HP: 15/15 MP: 4/4
   259 | D:1      | Reached XP level 2. HP: 16/24 MP: 0/6
   779 | D:1      | Found a faded altar of an unknown god.
   862 | D:1      | Found Jieravol's Armour Shoppe.
  1214 | D:2      | You fall into a shaft and drop 2 floors!
  1256 | D:4      | Reached XP level 3. HP: 30/30 MP: 1/8
  1260 | D:4      | Learned a level 3 spell: Mephitic Cloud
  1264 | D:4      | Learned a level 3 spell: Conjure Flame
  1267 | D:4      | Learned a level 2 spell: Blink
  1269 | D:4      | Noticed a scorpion
  1422 | D:4      | Noticed a necrophage
  1437 | D:4      | Killed a necrophage
  1438 | D:4      | Reached skill level 1 in Fighting
  1438 | D:4      | Reached XP level 4. HP: 7/38 MP: 8/10
  1438 | D:4      | Reached XP level 5. HP: 8/44 MP: 8/11
  1504 | D:4      | Found a glowing drain.
  1518 | Sewer    | Entered a sewer
  1731 | Sewer    | Noticed Purgy
  1747 | Sewer    | Killed Purgy
  1818 | D:4      | Identified the +4 spear of Agiroc {freeze, Int+5}
  1936 | D:4      | Reached XP level 6. HP: 41/51 MP: 10/13
  2058 | D:4      | Noticed Menkaure
  2242 | D:4      | Killed Menkaure
  2243 | D:4      | Reached skill level 1 in Long Blades
  2243 | D:4      | Reached skill level 1 in Polearms
  2243 | D:4      | Reached skill level 4 in Stealth
  2243 | D:4      | Reached skill level 5 in Spellcasting
  2243 | D:4      | Reached skill level 1 in Poison Magic
  2243 | D:4      | Reached XP level 7. HP: 14/58 MP: 9/14
  4981 | D:3      | Found a sparkling altar of Nemelex Xobeh.
  5889 | D:5      | Entered Level 5 of the Dungeon
  5900 | D:5      | Reached XP level 8. HP: 47/68 MP: 12/16
  6131 | D:5      | Reached skill level 5 in Stealth
  6675 | D:5      | Identified the +6 rapier of the Imperium {vorpal, Fly
                  | Will++ Str+2}
  6759 | D:5      | Found an opulent altar of Gozag.
  6818 | D:5      | Identified the +9 whip of Oluos {vorpal, rN+}
  7926 | D:6      | Noticed Sigmund
  7951 | D:5      | Reached skill level 1 in Short Blades
  7951 | D:5      | Reached XP level 9. HP: 29/76 MP: 14/18
  8146 | D:6      | Found an iron altar of Okawaru.
  8174 | D:6      | Noticed Maggie
  8176 | D:6      | Found a snail-covered altar of Cheibriados.
  8449 | D:6      | Reached skill level 1 in Armour
  8593 | D:6      | Reached skill level 1 in Air Magic
  8884 | D:6      | Killed Sigmund
  9438 | D:6      | Killed Maggie
  9706 | D:7      | Found a radiant altar of Vehumet.
  9762 | D:7      | Reached skill level 5 in Conjurations
  9823 | D:7      | Reached skill level 6 in Stealth
  9957 | D:7      | Reached XP level 10. HP: 68/85 MP: 17/20
  9960 | D:7      | Noticed a gargoyle
  9962 | D:7      | Reached skill level 5 in Short Blades
  9962 | D:7      | Noticed Joseph
  9972 | D:7      | Reached skill level 7 in Stealth
  9980 | D:7      | Killed a gargoyle
  9988 | D:7      | Killed Joseph
 10637 | D:7      | Found a staircase to the Ecumenical Temple.
 10643 | Temple   | Entered the Ecumenical Temple
 10969 | D:7      | Became a worshipper of Vehumet
 12166 | D:8      | Reached skill level 8 in Stealth
 12701 | D:9      | Found a transporter.
 12725 | D:9      | Reached XP level 11. HP: 93/93 MP: 21/21
 12737 | D:9      | Reached skill level 9 in Stealth
 12758 | D:9      | Reached * piety under Vehumet
 12758 | D:9      | Offered knowledge of Sandblast by Vehumet.
 12952 | D:9      | Found a transporter.
 13451 | D:9      | Found a staircase to the Orcish Mines.
 13630 | D:9      | Identified the +0 helmet "Tiqum" {Will+}
 13935 | D:10     | Entered Level 10 of the Dungeon
 13962 | D:10     | Reached skill level 5 in Fighting
 14267 | D:10     | Found a staircase to the Lair.
 14277 | D:10     | Found a hide-covered altar of Uskayaw.
 14325 | D:10     | Noticed Erica
 14338 | D:10     | Killed Erica
 14339 | D:10     | Reached skill level 10 in Stealth
 14723 | D:10     | Found a bloodstained altar of Trog.
 14987 | D:11     | Noticed a seven-headed hydra
 15007 | D:10     | Reached ** piety under Vehumet
 15007 | D:10     | Offered knowledge of Searing Ray by Vehumet.
 15240 | D:11     | Found Zauckis's Weapon Shop.
 15481 | D:11     | Reached skill level 5 in Dodging
 15562 | D:11     | Noticed a two-headed ogre
 15573 | D:11     | Killed a four-headed hydra
 15578 | D:11     | HP: 2/97 [kobold brigand (8)]
 15578 | D:11     | Asphyxiated

Illustrated notes

Levels and vault maps discovered:
D:1:      dpeg_arrival_round_c, layout_rooms, serial_shops,
          nicolae_shop_temple_entry_statues_fountains,
          shapermc_ecumenical_altar_mp_vishouse
D:2:      layout_basic
D:3:      layout_loops_ring, mainiacjoe_overflow_surrounded_room,
          chequers_serial_rivers_small_3, minmay_starry_boxes
D:4:      layout_loops_ring, cheibrodos_sewer_entry_bend, moated_statue,
          nrook_uturn, uniq_menkaure
D:5:      layout_cave_pods, mainiacjoe_overflow_24_doors, grunt_ministairs_9
D:6:      layout_rooms, mainiacjoe_overflow_paths, okawaru_gym_becter,
          nicolae_water_bricks, uniq_sigmund, uniq_maggie
D:7:      minmay_recursive_quarters, layout_basic, vehumet_crystals,
          minmay_temple_entry_fiery, minmay_misc_feat_more_columns, uniq_joseph
D:8:      layout_basic, due_unseen_surprise
D:9:      gammafunk_steamed_eel, layout_loops_corners, minmay_misc_feat_alley
D:10:     layout_stronghold, nicolae_uskayaw_murder_on_the_dancefloor,
          overflow_temple_1_default, lair_entry_dummy, uniq_erica
D:11:     wander_kiku_kobolds, layout_cross, serial_shops, shop, uniq_sonja
Temple:   regret_index_temple_generic_petals

Skill      XL: |  1  2  3  4  5  6  7  8  9 10 11 |
---------------+----------------------------------+-----
Fighting       | 1 2 3 4 6 |  6.0
Dodging        | 2 3 4 5 |  5.0
Spellcasting   | 4 5 6 7 |  7.4
Conjurations   | 2 3 4 5 |  5.8
Long Blades    | 1 4 |  4.6
Polearms       | 1 3 4 |  4.1
Stealth        | 4 5 6 8 10 | 10.0
Poison Magic   | 1 2 3 |  3.2
Short Blades   | 1 4 7 |  7.3
Armour         | 2 3 4 |  4.4
Air Magic      | 1 2 |  2.5
Translocations | 2 |  2.1
Throwing       | |  0.2
Summonings     | |  1.0

Action                   |  1- 3 |  4- 6 |  7- 9 | 10-12 || total
-------------------------+-------+-------+-------+-------++-------
Melee: Dagger            |    22 |       |       |       ||    22
       Long sword        |       |     7 |       |   142 ||   149
       Spear             |       |    24 |   181 |       ||   205
       Rapier            |       |       |   147 |   132 ||   279
       Scimitar          |       |       |       |    55 ||    55
Throw: Throwing net      |       |       |     1 |       ||     1
 Cast: Magic Dart        |    62 |    22 |   142 |    13 ||   239
       Mephitic Cloud    |       |     2 |    18 |    25 ||    45
       Blink             |       |       |     8 |     9 ||    17
       Conjure Flame     |       |       |     2 |     3 ||     5
 Abil: Spit Poison       |     9 |       |     5 |     2 ||    16
Evoke: Wand              |       |       |       |     2 ||     2
  Use: Scroll            |     3 |     1 |     1 |     2 ||     7
       Potion            |     1 |     1 |       |     1 ||     3
 Stab: Confused          |       |     2 |     5 |    17 ||    24
       Sleeping          |       |       |     7 |     4 ||    11
       Held in net/web   |       |       |     1 |       ||     1
       Distracted        |       |       |       |     1 ||     1
Armor: Robe              |     6 |     4 |    37 |       ||    47
       Leather armour    |       |       |    35 |     8 ||    43
       Ring mail         |       |       |       |   138 ||   138
Dodge: Dodged            |    19 |    26 |   192 |   277 ||   514
       Rpst.: Long sword |       |     2 |       |    38 ||    40
       Scimitar          |       |       |       |    14 ||    14

Table legend: (Time is in decaauts)
 A = Elapsed time spent in this place.
 B = Non-inter-level travel time spent in this place.
 C = Inter-level travel time spent in this place.
 D = Time resting spent in this place.
 E = Time spent auto-exploring this place.
 F = Levels seen in this place.
 G = Mean time per level.
                   A        B        C        D        E       F      G
               +--------+--------+--------+--------+--------+-----+--------+
         Total |  18652 |  17825 |    827 |   2633 |  12169 |  13 | 1434.8 |
       Dungeon |  17952 |  17173 |    779 |   2479 |  11795 |  11 | 1632.0 |
        Temple |    371 |    323 |     48 |      0 |    322 |   1 |  371.0 |
         Sewer |    328 |    328 |      0 |    154 |     51 |   1 |  328.0 |
               +--------+--------+--------+--------+--------+-----+--------+

Top non-repeatable levels by time:
     D:5: 2649 daAuts
     D:4: 2454 daAuts
     D:2: 1768 daAuts
     D:8: 1726 daAuts
     D:6: 1723 daAuts
     D:7: 1591 daAuts
     D:9: 1501 daAuts
    D:10: 1464 daAuts
     D:3: 1343 daAuts
     D:1: 1261 daAuts
    D:11: 468 daAuts
  Temple: 371 daAuts
   Sewer: 328 daAuts
